AoeStats
← Enishi

Arabia

509144466Analyzed
1v1 RM · 7d ago on Sep 25, 2026· 40m 14s· 2 players
Game mode
Random Map
Map size
Tiny (2 player)
Population
200
Speed
Normal
Resources
Standard
Victory
Conquest
Starting age
Dark Age
Ending age
Imperial Age
RankedLock teamsTeams togetherTeam positionsShared explorationLock speedFull tech treeHidden civsTurbo modeCheats
Victory
Defeat
🇦🇷 Teutons · Argentina
851
+15
🇪🇬 Saracens · Egypt
822
-15
opsek95
4:59 Loom
11:33 Feudal Age
12:17 Double-Bit Axe
12:15 Horse Collar
20:11 Castle Age
22:12 Bow Saw
22:57 Bloodlines
22:43 Fletching
24:27 Heavy Plow
24:43 Light Cavalry
25:30 Scale Barding Armor
25:35 Forging
25:21 Bodkin Arrow
26:36 Elite Skirmisher
27:29 Husbandry
29:12 Wheelbarrow
30:12 Hand Cart
30:57 Chain Barding Armor
31:13 Iron Casting
30:39 Scale Mail Armor
30:41 Padded Archer Armor
31:05 Gold Mining
32:17 Ballistics
32:07 Masonry
34:43 Pikeman
35:25 Squires
Enishi
2:02 Loom
10:46 Feudal Age
11:17 Double-Bit Axe
15:20 Horse Collar
16:52 Arson
17:15 Gold Mining
21:48 Castle Age
20:12 Man-at-Arms
23:13 Bow Saw
23:06 Heavy Plow
24:38 Pikeman
24:42 Crossbowman
27:20 Scale Mail Armor
27:24 Stone Mining
28:18 Squires
31:20 Wheelbarrow
30:58 Bloodlines
30:51 Fletching
31:27 Town Watch
32:52 Forging
33:42 Chain Mail Armor
33:35 Scale Barding Armor
34:19 Iron Casting
34:10 Hand Cart
36:57 Imperial Age
37:27 Bodkin Arrow
37:53 Chain Barding Armor
37:34 Padded Archer Armor
38:21 Town Patrol
37:52 Capped Ram
38:11 Elite Teutonic Knight
39:12 Crenellations
39:12 Conscription
40:37 Hoardings
Connection lost

Rejoining the realm…

Still unreachable

The connection could not be restored.

Session expired

The server has moved on; the page needs a fresh start.